 Dungeon Crawl Stone Soup version 0.20.0-15-g7f486f2 (webtiles) character file.

1038 equalderp2856 the Covert (level 8, -8/35 HPs)
             Began as a Felid Fighter on June 25, 2017.
             Mangled by a white ugly thing (35 damage)
             ... in an ice cave.
             The game lasted 00:52:08 (15470 turns).

equalderp2856 the Covert (Felid Fighter)           Turns: 15470, Time: 00:52:09

Health: -8/35      AC:  2    Str: 17    XL:     8   Next: 4%
Magic:  16/17      EV: 27    Int: 11    God:
Gold:   385        SH:  0    Dex: 17    Spells: 15/17 levels left
                                        Lives:  0   Deaths: 3

rFire    . . .     SeeInvis +     - Unarmed
rCold    . . .     Gourm    .   (shield unavailable)
rNeg     . . .     Faith    .   (armour unavailable)
rPois    .         Spirit   .   (helmet unavailable)
rElec    +         Reflect  .   (cloak unavailable)
rCorr    .         Harm     .   (gloves unavailable)
MR       +....                  (boots unavailable)
Stlth    +++++.....             (no amulet)
Regen    0.2/turn               I - +5 ring of evasion
MPRegen  0.2/turn               p - ring "Unnol" {+Fly rElec Str+4 Slay+2}

@: confusing touch, quick
A: no armour, no weapons or thrown items, stealth, claws 1, fangs 3, see
invisible, carnivore 3, speed 1, shaggy fur 2, slow metabolism 1, sharp paws
a: Evoke Flight


You were in an ice cave.
You were not hungry.

You visited 2 branches of the dungeon, and saw 13 of its levels.
You also visited: Sewer and Ice Cave.

You collected 385 gold pieces.

Inventory:

Jewellery
 k - an uncursed amulet of harm
 p - the ring "Unnol" (right paw) {+Fly rElec Str+4 Slay+2}
   (You found it on level 4 of the Dungeon)

   [ring of flight]

   It affects your strength (+4).
   It affects your accuracy and damage with ranged weapons and melee attacks
   (+2).
   It insulates you from electricity.
   It lets you fly.
 r - a -2 ring of dexterity
 B - an uncursed ring of stealth
 F - a cursed amulet of inaccuracy
 I - a +5 ring of evasion (left paw)
Wands
 s - a wand of random effects (17/48)
 C - a wand of scattershot (0/9)
 G - a wand of confusion (28/48)
 H - a wand of flame (19/48)
Scrolls
 c - 7 scrolls of recharging
 d - a scroll of identify
 f - a scroll of teleportation
 v - a scroll of enchant armour
 w - 3 scrolls of magic mapping
 D - 3 scrolls of remove curse
Potions
 a - 4 potions of might
 e - a potion of mutation
 g - a potion of resistance {unknown}
 h - a potion of heal wounds
 i - a potion of ambrosia {unknown}
 j - 3 potions of curing
 m - 3 potions of brilliance
 n - a potion of magic {unknown}
 q - 2 potions of invisibility
 t - a potion of agility
 u - 2 potions of haste
 z - a potion of berserk rage {unknown}
 E - a potion of lignification {unknown}
Books
 l - a book of Cantrips

   Spells                             Type                      Level
   a - Confusing Touch                Hexes                        1
   b - Animate Skeleton               Necromancy                   1
   c - Summon Small Mammal            Summoning                    1
   d - Apportation                    Translocation                1
 o - a book of Conjurations

   Spells                             Type                      Level
   a - Magic Dart                     Conjuration                  1
   b - Searing Ray                    Conjuration                  2
   c - Dazzling Spray                 Conjuration/Hexes            3
   d - Fulminant Prism                Conjuration/Hexes            4
   e - Force Lance                    Conjuration/Translocation    4
   f - Iskenderun's Mystic Blast      Conjuration                  4
 y - a book of Changes

   Spells                             Type                      Level
   a - Beastly Appendage              Transmutation                1
   b - Sticks to Snakes               Transmutation                2
   c - Spider Form                    Transmutation/Poison         3
   d - Ice Form                       Ice/Transmutation            4
   e - Blade Hands                    Transmutation                5
Comestibles
 b - 6 meat rations
 A - a royal jelly


   Skills:
 + Level 3.6 Fighting
 + Level 6.9 Dodging
 + Level 11.2 Stealth
 + Level 10.2 Unarmed Combat
 + Level 5.4 Spellcasting
 + Level 4.4 Hexes
 + Level 3.3 Summonings


You had 15 spell levels left.
You knew the following spells:

 Your Spells              Type           Power        Failure   Level  Hunger
a - Confusing Touch       Hex            ##....       3%          1    None
b - Summon Small Mammal   Summ           ##..         5%          1    None


Dungeon Overview and Level Annotations

Branches:
Dungeon (10/15)            Temple (0/1) D:5            Lair (3/6) D:9
    Orc (0/2) D:9
  Swamp: Lair:2-4    Shoals: Lair:2-4     Snake: Lair:2-4    Spider: Lair:2-4

Altars:
Ashenzari
Elyvilon
Kikubaaqudgha
Vehumet

Annotations:
Lair:1 Baril's ghost, novice DESu IceCv exclusion: 2 ice statues


Innate Abilities, Weirdness & Mutations

You cannot wear armour.
You are incapable of wielding weapons or throwing items.
Your paws allow you to move quietly. (Stealth)
You have sharp claws.
You have razor-sharp teeth.
You have supernaturally acute eyesight. (SInv)
You are carnivorous and can eat meat at any time.
You cover ground quickly.
You are covered in thick fur. (AC +2)
You have a slow metabolism.
Your sharp claws are effective at attacking unaware monsters.


Message History

The white ugly thing gores you! The white ugly thing freezes you!!
Ouch! That really hurt!
* * * LOW HITPOINT WARNING * * *
You barely miss the white ugly thing.
The white ugly thing is moderately wounded.
The white ugly thing gores you!
You die...
The white ugly thing freezes you!!
You are now level 8!
You rejoin the land of the living...
You see here the felid corpse of equalderp2856.
Casting: Confusing Touch
Confirm with . or Enter, or press ? or * to list all spells.
Your paws begin to glow red.
You scratch the white ugly thing but do no damage.
Your bite misses the white ugly thing.
The white ugly thing is moderately wounded.
The white ugly thing gores you! The white ugly thing freezes you!!
Ouch! That really hurt!
You die...

####### #############
#.....## ##..)[[#8....##
#......###.....?#......#
#.......#.......#.......
#.......#.....†.#.......
#.∩..∩..@u..............
#.......#.......#.......
#.......#.......#.......
#......###......#......#
#.....## ##...(.#8....##
####### #############


You could see a white ugly thing.

Vanquished Creatures
  A two-headed ogre (D:8)
  2 blink frogs (D:9)
  A hippogriff (D:10)
  A wyvern (D:9)
  A water moccasin (D:6)
  A porcupine (Lair:2)
  A black bear (D:9)
  7 ice beasts
  An eye of draining (D:10)
  A sky beast (D:10)
  3 phantoms
  2 centaurs
  3 ogres
  A big kobold (D:10)
  2 bullfrogs
  2 scorpions (D:9)
  5 killer bees
  7 wights (D:10)
  2 howler monkeys (D:7)
  6 crimson imps
  4 hounds
  2 jellies
  A centaur skeleton (D:6)
  2 orc priests
  2 bullfrog skeletons
  An iguana (D:10)
  8 worker ants
  3 orc wizards
  A killer bee zombie (D:9)
  A hound zombie (D:9)
  2 hound skeletons (D:10)
  3 worker ant zombies
  13 adders
  2 river rats (D:4)
  2 shadow imps
  4 oozes
  2 adder skeletons
  8 worms
  A dart slug (D:2)
  5 leopard geckos
  18 orcs
  5 ball pythons
  8 giant cockroaches
  6 goblins
  9 hobgoblins
  A jackal (Sewer)
  3 quokkas
  5 bats
  8 frilled lizards
  28 kobolds
  A quokka skeleton (D:5)
  12 rats
  9 plants (Sewer)
230 creatures vanquished.

Vanquished Creatures (collateral kills)
  2 orcs
2 creatures vanquished.

Grand Total: 232 creatures vanquished

Notes
Turn   | Place    | Note
-------+----------+-------------------------------------------
     0 | D:1      | equalderp2856 the Felid Fighter began the quest for the Orb.
     0 | D:1      | Reached XP level 1. HP: 10/10 MP: 2/2
   318 | D:1      | Reached XP level 2. HP: 14/14 MP: 3/3
   508 | D:1      | Found a shattered altar of Ashenzari.
  1082 | D:1      | Reached XP level 3. HP: 17/17 MP: 4/4
  1425 | D:2      | Reached skill level 5 in Unarmed Combat
  1595 | D:2      | Found an ancient bone altar of Kikubaaqudgha.
  1595 | D:2      | Found a white marble altar of Elyvilon.
  1633 | D:2      | Reached XP level 4. HP: 20/21 MP: 5/5
  1937 | D:2      | Reached skill level 1 in Stealth
  2413 | D:3      | Reached skill level 2 in Stealth
  2710 | D:3      | Noticed an ogre
  3199 | D:3      | Learned a level 1 spell: Confusing Touch
  3352 | D:3      | Learned a level 1 spell: Summon Small Mammal
  3694 | D:3      | Noticed a centaur
  3704 | D:3      | Killed a centaur
  3704 | D:3      | Reached skill level 5 in Dodging
  3704 | D:3      | Reached skill level 3 in Stealth
  3704 | D:3      | Reached XP level 5. HP: 23/24 MP: 4/6
  4037 | D:4      | Reached skill level 1 in Spellcasting
  4047 | D:4      | Got an ancient lead ring
  4213 | D:4      | Gained mutation: You are covered in thick fur. (AC +2) [Felid growth]
  4213 | D:4      | Reached XP level 6. HP: 20/28 MP: 5/8
  4228 | D:4      | Reached skill level 4 in Stealth
  4266 | D:4      | Identified the ring "Unnol" {+Fly rElec Str+4 Slay+2} (You found it on level 4 of the Dungeon)
  4333 | D:4      | Found a glowing drain.
  4340 | Sewer    | Entered a sewer
  5875 | D:4      | Reached skill level 1 in Hexes
  6361 | D:5      | Entered Level 5 of the Dungeon
  6424 | D:5      | Found a staircase to the Ecumenical Temple.
  6448 | D:5      | Reached skill level 1 in Summonings
  6470 | D:5      | Reached skill level 5 in Stealth
  6470 | D:5      | Reached XP level 7. HP: 31/31 MP: 9/11
  7157 | D:5      | Reached skill level 6 in Stealth
  7850 | D:6      | Found a white marble altar of Elyvilon.
  7998 | D:6      | Reached skill level 7 in Stealth
  7998 | D:6      | Reached XP level 8. HP: 34/34 MP: 12/12
 10312 | D:8      | Noticed a two-headed ogre
 10321 | D:8      | Killed a two-headed ogre
 10321 | D:8      | Reached skill level 8 in Stealth
 10321 | D:8      | Reached XP level 9. HP: 33/38 MP: 13/16
 10639 | D:8      | Noticed a cyclops
 10642 | D:8      | Hit by a large rock thrown by a cyclops
 10643 | D:8      | Reached XP level 8. HP: -16/34 MP: 15/15
 10754 | D:9      | Found a staircase to the Orcish Mines.
 10930 | D:9      | Reached skill level 9 in Stealth
 11136 | D:9      | Found a staircase to the Lair.
 12498 | D:9      | Found a radiant altar of Vehumet.
 12705 | D:10     | Entered Level 10 of the Dungeon
 12874 | D:10     | Noticed a hippogriff
 12884 | D:10     | Killed a hippogriff
 12884 | D:10     | Reached XP level 9. HP: 38/38 MP: 16/16
 12969 | D:10     | Reached skill level 10 in Stealth
 13299 | D:10     | Noticed a deep elf mage
 13920 | D:10     | Reached skill level 5 in Spellcasting
 13921 | D:10     | Noticed a troll
 14085 | Lair:1   | Entered Level 1 of the Lair of Beasts
 14427 | D:9      | Reached skill level 10 in Unarmed Combat
 14665 | Lair:1   | Noticed Baril's ghost (novice DESu)
 14709 | Lair:1   | Noticed a spiny frog
 14728 | Lair:2   | Noticed a spiny frog
 15081 | Lair:3   | Found a frozen archway.
 15108 | Lair:3   | Noticed a spiny frog
 15108 | Lair:3   | Noticed a spiny frog
 15111 | Lair:3   | Noticed a rime drake
 15126 | IceCv    | Entered an ice cave
 15196 | IceCv    | Reached skill level 11 in Stealth
 15320 | IceCv    | Reached XP level 10. HP: 42/42 MP: 17/19
 15348 | IceCv    | Noticed a white ugly thing
 15424 | IceCv    | Noticed an ice statue
 15424 | IceCv    | Noticed an ice statue
 15454 | IceCv    | Mangled by a white ugly thing
 15455 | IceCv    | Reached XP level 9. HP: -7/38 MP: 18/18
 15462 | IceCv    | Slain by a white ugly thing
 15463 | IceCv    | Reached XP level 8. HP: -4/35 MP: 17/17
 15470 | IceCv    | Mangled by a white ugly thing

Skill      XL: |  1  2  3  4  5  6  7  8  9 |
---------------+----------------------------+-----
Unarmed Combat | 5 6 7 9 10 | 10.2
Stealth        | 3 5 7 9 11 | 11.2
Dodging        | 5 6 |  6.9
Spellcasting   | 1 2 4 5 |  5.4
Hexes          | 1 2 4 |  4.4
Summonings     | 1 3 |  3.3
Fighting       | |  3.6

Action                   |  1- 3 |  4- 6 |  7- 9 | 10-12 || total
-------------------------+-------+-------+-------+-------++-------
Melee: Unarmed           |    92 |   375 |   313 |     4 ||   784
       Bite              |     5 |    65 |    33 |       ||   103
       Punch             |       |     8 |    15 |       ||    23
 Cast: Summon Small Mamm |       |    13 |    22 |       ||    35
       Confusing Touch   |       |    13 |    31 |     2 ||    46
Evoke: Wand              |       |       |       |     8 ||     8
  Use: Potion            |     2 |       |     2 |       ||     4
       Scroll            |       |     6 |     9 |     7 ||    22
 Stab: Sleeping          |     4 |    12 |    19 |     1 ||    36
       Confused          |       |     8 |    16 |       ||    24
  Eat: Chunk             |     7 |     6 |    13 |       ||    26
Armor: Skin              |     3 |     6 |     7 |       ||    16
Dodge: Dodged            |    65 |   144 |   228 |       ||   437
